 Dungeon Crawl Stone Soup version 0.29.0-4-gdea44cf6ec (webtiles) character file.

Game seed: 6534818217710377293

38 qw the Chopper (level 3, 0/21 HPs)
             Began as a Tengu Warper on Aug 28, 2022.
             Slain by a gnoll
             ... wielding a +0 spear
              (2 damage)
             ... on level 2 of the Dungeon.
             The game lasted 00:00:09 (2332 turns).

qw the Chopper (Tengu Warper)                       Turns: 2332, Time: 00:00:09

Health: 0/21       AC:  8    Str: 13    XL:     3   Next: 43%
Magic:  7/7        EV:  6    Int: 13    God:
Gold:   102        SH:  0    Dex: 13    Spells: 6/6 levels left

rFire   . . .      SeeInvis .   Y - +0 hand axe
rCold   . . .      Faith    .   (no shield)
rNeg    . . .      Spirit   .   k - +0 chain mail
rPois   .          Reflect  .   (helmet restricted)
rElec   .          Harm     .   (no cloak)
rCorr   .          Rampage  .   (no gloves)
Will    .....                   (boots unavailable)
Stlth   ..........              (no amulet)
HPRegen 0.07/turn               (no ring)
MPRegen 0.10/turn               (no ring)

@: about to teleport
A: beak, talons 3
a: no special abilities


You were on level 2 of the Dungeon.
You visited 1 branch of the dungeon, and saw 2 of its levels.

You collected 102 gold pieces.


Innate Abilities, Weirdness & Mutations

You have a beak for a mouth.
You have claws for feet.


   Skills:
 - Level 2.0 Fighting
 + Level 4.1 Axes
 - Level 1.0 Throwing
 - Level 1.1 Armour
 - Level 2.1 Dodging
 - Level 2.0 Spellcasting
 - Level 2.4 Translocations


You had 6 spell levels left.
You didn't know any spells.
Your spell library contained the following spells:

 Spells                   Type           Power      Damage    Failure   Level
 Blink                    Tloc           14%        N/A       99%         2
 Gell's Gravitas          Tloc           7%         N/A       100%        3
 Lesser Beckoning         Tloc           7%         N/A       100%        3
 Teleport Other           Tloc           7%         N/A       100%        3
 Manifold Assault         Tloc           7%         N/A       100%        5

Inventory:

Hand Weapons
 d - a +0 club
 g - a +0 mace
 Y - a +0 hand axe (weapon)
Armour
 c - a +2 cloak
 f - a scarf of resistance
 k - a +0 chain mail (worn)
Scrolls
 a - 2 scrolls of identify
Potions
 e - a potion of magic {unknown}
 j - a potion of haste {unknown}
 l - a potion of curing {unknown}

Dungeon Overview and Level Annotations

Branches:
Dungeon (2/15)

Altars:


Message History

A gnoll comes into view. It is wielding a +0 spear.
The gnoll shouts!
A gnoll comes into view. It is wielding a +0 club.
Enter note:
Enter note:
Enter note:
Enter note:
Enter note:
Enter note:
Enter note:
Enter note:
2324 ||| Stepping ~*~*~tactically~*~*~ (stealth).
A gnoll comes into view. It is wielding a +0 flail.
The gnoll shouts!
You hear a shout!
The gnoll closely misses you.
You hit the gnoll but do no damage. You claw the gnoll.
The gnoll is moderately wounded.
You hit the gnoll but do no damage. Your peck misses the gnoll.
The gnoll is moderately wounded.
The gnoll hits you with a +0 spear.
You closely miss the gnoll.
The gnoll is moderately wounded.
You closely miss the gnoll. The gnoll hits you with a +0 club.
The gnoll hits you but does no damage.
You hit the gnoll. You claw the gnoll. You peck the gnoll, but do no damage.
The gnoll is almost dead.
You hit the gnoll. You closely miss the gnoll.
The gnoll hits you but does no damage. The gnoll hits you with a +0 spear.
The gnoll hits you but does no damage. The gnoll hits you with a +0 club.
The gnoll closely misses you. The gnoll barely misses you.
You barely miss the gnoll.
The gnoll is almost dead.
You barely miss the gnoll. x2
The gnoll hits you with a +0 club. The gnoll barely misses you.
The gnoll hits you with a +0 flail.
2332 ||| READING scroll of teleportation.
As you read the scroll of teleportation, it crumbles to dust.
You feel strangely unstable. The gnoll hits you but does no damage.
The gnoll hits you with a +0 spear.
You die...

#.#.### ##.....#
##.##.## ##<......
#.#...####.<^.....
#........'<....>..
#.#...####........
#.##.## ##.......
#.#### ##.....# #.#
##...## #@# ##'##
#...ggg...# #.#
#.###.###.########.#
#.# ..........## #.#
.#######...## #..
#.>...# ...
#.###...## ###
#.........
#####..###


You could see 3 gnolls.

Vanquished Creatures
  4 dart slugs
  4 bats
  2 endoplasms (D:1)
  A giant cockroach (D:1)
  A goblin (D:1)
  5 hobgoblins
  A quokka (D:2)
  4 ball pythons
  2 frilled lizards
  3 kobolds
  3 rats
30 creatures vanquished.

Notes
Turn   | Place    | Note
-------+----------+-------------------------------------------
     0 | D:1      | qw the Tengu Warper began the quest for the Orb.
     0 | D:1      | Reached XP level 1. HP: 12/12 MP: 4/4
     0 | D:1      | 0 ||| qw: Version: 0.1-a-89-g26bdef1
     0 | D:1      | 0 ||| qw: Game counter: 1982
     0 | D:1      | 0 ||| qw: Always use a shield: true
     0 | D:1      | 0 ||| qw: God list: Okawaru
     0 | D:1      | 0 ||| qw: Allow faded altars: false
     0 | D:1      | 0 ||| qw: Do Orc after D:15 true
     0 | D:1      | 0 ||| qw: Do second Lair branch before Depths: true
     0 | D:1      | 0 ||| qw: Lair rune preference: random
     0 | D:1      | 0 ||| qw: Plans: Normal
     0 | D:1      | 0 ||| PLANNING D:1-11
   357 | D:1      | 357 ||| Stepping ~*~*~tactically~*~*~ (hiding).
   363 | D:1      | Reached skill level 3 in Axes
   363 | D:1      | Reached XP level 2. HP: 6/17 MP: 6/6
   872 | D:1      | 872 ||| Stepping ~*~*~tactically~*~*~ (hiding).
  1152 | D:1      | Reached XP level 3. HP: 21/21 MP: 7/7
  1250 | D:1      | 1250 ||| UPGRADING to +0 chain mail.
  1260 | D:1      | 1260 ||| DROPPING +0 leather armour.
  1261 | D:1      | 1261 ||| READING scroll labelled LEAMOCW ONLAIL.
  1262 | D:1      | 1262 ||| READING 2 scrolls labelled QIUHIVEAME.
  1263 | D:1      | 1263 ||| READING scroll labelled VOISHR TOCLEGOLE.
  1267 | D:1      | 1267 ||| READING scroll labelled WAHYF RIFE.
  1268 | D:1      | 1268 ||| READING scroll labelled MUACUDW LUYDEMEKU.
  1269 | D:1      | 1269 ||| DROPPING scroll of blinking.
  1270 | D:1      | 1270 ||| DROPPING scroll of vulnerability.
  1271 | D:1      | 1271 ||| Stepping randomly (stuck).
  1272 | D:1      | 1272 ||| Stepping ~*~*~tactically~*~*~ (cloud).
  1276 | D:1      | HP: 5/21 [poisoned by you (poison gas)]
  1645 | D:2      | Found a faded altar of an unknown god.
  1694 | D:2      | Reached skill level 4 in Axes
  2324 | D:2      | 2324 ||| Stepping ~*~*~tactically~*~*~ (stealth).
  2331 | D:2      | HP: 4/21 [gnoll/+0 club (2)]
  2331 | D:2      | HP: 1/21 [gnoll/+0 flail (3)]
  2332 | D:2      | 2332 ||| READING scroll of teleportation.
  2332 | D:2      | Slain by a gnoll

Levels and vault maps discovered:
D:1:      dpeg_arrival_solitude, layout_loops_corners
D:2:      layout_loops_corners, hellmonk_ecumenical_altar_run_dry,
          patterned_corridor

Skill      XL: |  1  2  3 |
---------------+----------+-----
Axes           | 3 4 |  4.1
Fighting       | |  2.0
Throwing       | |  1.0
Armour         | |  1.1
Dodging        | |  2.1
Spellcasting   | |  2.0
Translocations | |  2.4

Action                   || total
-------------------------++-------
Melee: Hand axe          ||    62
       Kick              ||    13
       Peck              ||     6
Throw: Boomerang         ||     7
  Use: Scroll            ||     6
Armor: Leather armour    ||    14
       Chain mail        ||    19
Dodge: Dodged            ||    29

Table legend:
 A = Non-vault XP
 B = Vault XP
 C = Vault XP percentage of total XP
 D = Non-vault monster count
 E = Vault monster count
 F = Vault count percentage of total count
                 A         B        C        D         E       F
            +---------+---------+-------+---------+---------+-------
      Total |      55 |       0 |   0.0 |      30 |       0 |   0.0
            +---------+---------+-------+---------+---------+-------
        D:1 |      35 |       0 |   0.0 |      18 |       0 |   0.0
        D:2 |      20 |       0 |   0.0 |      12 |       0 |   0.0
            +---------+---------+-------+---------+---------+-------
